 Dungeon Sprint DCSS version 0.30-a0-715-gdb4ae3ece1 (webtiles) character file.

Game seed: 10202574681820795790

0 rocky1 the Digger (level 1, -2/14 HPs)
             Began as a Draconian Earth Elementalist on Jan 24, 2023.
             Was an Initiate of Gozag.
             Slain by a phantom (5 damage)
             ... in the Dungeon (Sprint VI: "Thunderdome").
             The game lasted 00:00:39 (52 turns).

rocky1 the Digger (Draconian Earth Elementalist)      Turns: 52, Time: 00:00:40

Health: -2/14      AC:  4    Str: 10    XL:     1   Next: 16%
Magic:  0/3        EV: 12    Int: 15    God:    Gozag
Gold:   245        SH:  0    Dex: 11    Spells: 3/4 levels left

rFire   . . .      SeeInvis .    (no weapon)
rCold   . . .      Faith    .    (no shield)
rNeg    . . .      Spirit   .    (body armour unavailable)
rPois   .          Reflect  .    (helmet restricted)
rElec   .          Harm     .    (no cloak)
rCorr   .          Rampage  .    (no gloves)
Will    .....      NoTele   +    (no boots)
Stlth   ++                       (no amulet)
HPRegen 0.22/turn                (no ring)
MPRegen 0.08/turn                (no ring)

@: no status effects
A: AC +4, unfitting armour, cold-blooded
a: Renounce Religion, Potion Petition, Call Merchant, Bribe Branch


You were in the Dungeon.
You worshipped Gozag.
Gozag was aware of your devotion.
You visited 1 branch You collected 245 gold pieces.

Inventory:

Wands
 h - a wand of acid (5)
 i - a wand of roots (5)
Scrolls
 f - 4 scrolls of blinking
 j - 3 scrolls of fog
Potions
 a - 2 potions of magic
 b - a potion of curing
 c - 4 potions of heal wounds
 d - 4 potions of haste
 e - a potion of berserk rage
 g - a potion of resistance


   Skills:
 + Level 2.1 Dodging
 + Level 1.8 Stealth
 + Level 2.1 Spellcasting
 + Level 1.0 Transmutations
 + Level 3.3 Earth Magic


You had 3 spell levels left.
You knew the following spells:

 Your Spells              Type           Power      Damage    Failure   Level
a - Sandblast             Erth           22%        2d7       5%          1

Your spell library contained the following spells:

 Spells                   Type           Power      Damage    Failure   Level
 Passwall                 Tmut/Erth      6%         N/A       14%         2
 Stone Arrow              Conj/Erth      12%        3d7       32%         3
 Petrify                  Tmut/Erth      8%         N/A       65%         4


Dungeon Overview and Level Annotations

Branches:
Dungeon (1/1)

Altars:
Cheibriados
Dithmenos
Fedhas
Gozag
Kikubaaqudgha
Makhleb
Okawaru
Qazlal
Ru
Sif Muna
Trog
Uskayaw
Vehumet
Wu Jian
Xom
Yredelemnul
Zin
The Shining One
Lugonu

Shops:
D *[??*?*:[((!!!!


Innate Abilities, Weirdness & Mutations

Your plain brown scales are hard. (AC +4)
You cannot fit into any form of body armour.
You are cold-blooded and may be slowed by cold attacks.


Message History

Confirm with . or Enter, or press ? or * to list all spells.
You don't have enough magic to cast this spell.
Unknown command.
Magic courses through your body. The phantom hits you.
Casting: Sandblast (safe; 5% risk of failure)
Confirm with . or Enter, or press ? or * to list all spells.
Aiming: Sandblast (safe; 5% risk of failure)
Press: ? - help, Shift-Dir - straight line, f/p - phantom
Aim: a phantom (lightly damaged, 75% to hit)
The blast of sand hits the phantom.
The phantom is moderately damaged.
The phantom closely misses you. The phantom misses you.
Casting: Sandblast (safe; 5% risk of failure)
Confirm with . or Enter, or press ? or * to list all spells.
Aiming: Sandblast (safe; 5% risk of failure)
Press: ? - help, Shift-Dir - straight line, f/p - phantom
Aim: a phantom (moderately damaged, 75% to hit)
The blast of sand hits the phantom!
The phantom is severely damaged.
The phantom hits you.
Casting: Sandblast (safe; 5% risk of failure)
Confirm with . or Enter, or press ? or * to list all spells.
Aiming: Sandblast (safe; 5% risk of failure)
Press: ? - help, Shift-Dir - straight line, f/p - phantom
Aim: a phantom (severely damaged, 75% to hit)
The blast of sand hits the phantom.
The phantom is almost destroyed.
The phantom hits you.
* * * LOW HITPOINT WARNING * * *
The phantom barely misses you.
Casting: Sandblast (safe; 5% risk of failure)
Confirm with . or Enter, or press ? or * to list all spells.
Aiming: Sandblast (safe; 5% risk of failure)
Press: ? - help, Shift-Dir - straight line, f/p - phantom
Aim: a phantom (almost destroyed, 75% to hit)
The blast of sand hits the phantom.
The phantom is almost destroyed.
The phantom hits you.
You die...
Your body crumbles into a pile of gold.

###.........###
#⌠...........⌠#
######.8.........8.###
##..__......###......__
###∩........8. #.8......
#.............###........
⌠..........# #...###.....
⌠........W.# #.<.# #.....
⌠.......@..###...###.....
#.............###........
##∩........8.# #.8......
##∩___......###......._
######.8.........8.###
#⌠...........⌠#
###.........###
#_......._# #_........#


You could see a phantom.

Vanquished Creatures
  A bat skeleton (D)
1 creature vanquished.

Notes
Turn   | Place    | Note
-------+----------+-------------------------------------------
     0 | D        | rocky1 the Draconian Earth Elementalist began the quest for
                  | the Orb.
     0 | D        | Reached XP level 1. HP: 14/14 MP: 3/3
     3 | D        | Found a glowing silver altar of Zin.
     3 | D        | Found a hide-covered altar of Uskayaw.
     4 | D        | Found a basalt altar of Yredelemnul.
     4 | D        | Found a burning altar of Makhleb.
     5 | D        | Found a corrupted altar of Lugonu.
     5 | D        | Round 1.
     6 | D        | Found a stormy altar of Qazlal.
     6 | D        | Found a shimmering altar of Xom.
     6 | D        | Found Qausiun's Staff Store.
     6 | D        | Found Nipratru's Magic Scroll Shop.
     7 | D        | Found Henor's Must-Have Magic.
     7 | D        | Found Kac Jutt's Magic Scroll Shop.
     8 | D        | Found a snail-covered altar of Cheibriados.
     9 | D        | Found Onoc's Distillery.
    11 | D        | Found an ancient bone altar of Kikubaaqudgha.
    11 | D        | Found an ornate altar of the Wu Jian Council.
    11 | D        | Found Xeimn's Do-It-Yourself Clinic.
    13 | D        | Found Atil's Distillery.
    13 | D        | Found Orynerru's Bottled Wisdom.
    17 | D        | Found a glowing golden altar of the Shining One.
    19 | D        | Found a sacrificial altar of Ru.
    23 | D        | Found Myrok's Weapon Rack.
    23 | D        | Found Ite Bomaggy's Basic Armour.
    24 | D        | Found Usitalin's Miscellaneous Merchandise.
    25 | D        | Found a radiant altar of Vehumet.
    25 | D        | Found a shimmering blue altar of Sif Muna.
    25 | D        | Found a blossoming altar of Fedhas.
    25 | D        | Found Vulyig's Premium Goods.
    29 | D        | Found an opulent altar of Gozag.
    31 | D        | Found a bloodstained altar of Trog.
    33 | D        | Found Timmocerimp's Identification Station.
    35 | D        | Found Koamnag's Advanced Armour.
    35 | D        | Found Kaavvucy's Jewellery.
    39 | D        | Became a worshipper of Gozag Ym Sagoz the Greedy
    43 | D        | Found an iron altar of Okawaru.
    43 | D        | Found a shadowy altar of Dithmenos.
    45 | D        | Noticed a phantom
    52 | D        | Slain by a phantom

Illustrated notes

Levels and vault maps discovered:
D:        arena_sprint

Skill      XL: |  1 |
---------------+----+-----
Dodging        | 2 |  2.1
Stealth        | |  1.8
Spellcasting   | |  2.1
Transmutations | |  1.0
Earth Magic    | |  3.3

Action                     || total
---------------------------++-------
   Cast: Sandblast         ||     7
    Use: Potion            ||     1
 Armour: Skin              ||     4
  Dodge: Dodged            ||     8

Table legend: (Time is in decaauts)
 A = Elapsed time spent in this place.
 B = Non-inter-level travel time spent in this place.
 C = Inter-level travel time spent in this place.
 D = Time resting spent in this place.
 E = Time spent auto-exploring this place.
 F = Levels seen in this place.
 G = Mean time per level.
                   A        B        C        D        E       F      G
               +--------+--------+--------+--------+--------+-----+--------+
         Total |     55 |     55 |      0 |      0 |      0 |   1 |   55.0 |
       Dungeon |     55 |     55 |      0 |      0 |      0 |   1 |   55.0 |
               +--------+--------+--------+--------+--------+-----+--------+

Top non-repeatable levels by time:
       D: 55 daAuts
